[Event "Monday Night Engine Tour 13 Rd Swiss 3m+1s Starts at 2200hrs ST"]
[Site "Infinity Chess"]
[Date "2018.4.9"]
[Round "3"]
[White "OlivierEvan"]
[Black "Thinker"]
[Result "1/2-1/2"]
[ECO "A06"]
[WhiteElo "2472"]
[BlackElo "2509"]
[WhiteEngine "Houdini 6"]
[BlackEngine "BrainFish_180404_x64_modern_CTG"]
[EventType "Swiss"]
[WhiteTeam ""]
[BlackTeam ""]
[PlyCount "126"]
[TimeControl "180+1"]

1. Nf3 d5 2. b3 Nf6 3. Ba3 Bg4 4. Ne5 Bf5 5. e3 Nbd7 6. Nxd7 Qxd7 7. d4 e6 
8. Bxf8 Kxf8 9. Nd2 Qe7 10. Be2 h5 11. O-O c6 12. Bd3 h4 13. h3 g5 14. Qf3 g4 
15. hxg4 Bxg4 16. Qf4 Re8 17. a4 h3 18. g3 h2+ 19. Kh1 Bh3 20. Rfe1 Nh5 
21. Qh4 Qxh4 22. gxh4 Nf6 23. Kxh2 Rxh4 24. Kg3 Rh5 25. Rg1 Ke7 26. f3 Bf5 
27. Bxf5 Rxf5 28. Raf1 b6 29. Kf2 Rh8 30. Rh1 Rfh5 31. Rxh5 Rxh5 32. Rg1 Rh8 
33. Ke2 Nd7 34. c4 a5 35. Rg2 Nf6 36. cxd5 cxd5 37. Nf1 Kd7 38. Rg7 Ke7 
39. Rg2 Rh1 40. Rh2 Rxh2+ 41. Nxh2 Kf8 42. Kd3 Ke7 43. Ke2 Kd6 44. Kd3 e5 
45. dxe5+ Kxe5 46. Nf1 Nd7 47. Ng3 Nc5+ 48. Kc3 Na6 49. Ne2 Ke6 50. f4 Nc5 
51. Nd4+ Kf6 52. Kc2 Ne4 53. Nf3 Ke6 54. Nd4+ Kd6 55. Nb5+ Ke7 56. Nd4 Nc5 
57. Nf5+ Kd7 58. Kc3 Ne4+ 59. Kd4 Ke6 60. Ng7+ Kd6 61. Nf5+ Ke6 62. Ng7+ Kd6 
63. Nf5+ Ke6 1/2-1/2

[Event "Monday Night Engine Tour 13 Rd Swiss 3m+1s Starts at 2200hrs ST"]
[Site "Infinity Chess"]
[Date "2018.4.9"]
[Round "3"]
[White "Deep_Impact"]
[Black "RonWeasley"]
[Result "1/2-1/2"]
[ECO "C11"]
[WhiteElo "2518"]
[BlackElo "2519"]
[WhiteEngine "asmFishW_2018-04-07_bmi2"]
[BlackEngine "BrainFish 090218_CTG"]
[EventType "Swiss"]
[WhiteTeam ""]
[BlackTeam ""]
[PlyCount "119"]
[TimeControl "180+1"]

1. e4 e6 2. d4 d5 3. Nc3 Nf6 4. e5 Nfd7 5. f4 c5 6. Nf3 Nc6 7. Be3 cxd4 
8. Nxd4 Qb6 9. Qd2 Qxb2 10. Rb1 Qa3 11. Bb5 Nxd4 12. Bxd4 a6 13. Bxd7+ Bxd7 
14. Rb3 Qe7 15. Rxb7 Rc8 16. O-O Qd8 17. f5 exf5 18. Qd3 Bc5 19. Bxc5 Rxc5 
20. Nxd5 Bc8 21. Re7+ Kf8 22. Qa3 Qa5 23. Qxa5 Rxa5 24. Rc7 Be6 25. Nf4 Rxe5 
26. Nxe6+ Rxe6 27. Rxf5 Re7 28. Rc8+ Re8 29. Rfc5 Ke7 30. R8c6 g6 31. Rxa6 Rc8 
32. Re5+ Kf8 33. Ra7 Kg7 34. Re2 Ra8 35. Rxa8 Rxa8 36. c4 Kf6 37. c5 Ra6 
38. Kf1 h5 39. Rd2 Ke7 40. Ke2 Ra5 41. c6 Rc5 42. c7 Rxc7 43. Kd3 Ke6 44. a4 Ra7 
45. Ra2 Kd5 46. a5 Ra6 47. g3 Kc5 48. Ke4 Kc4 49. Rc2+ Kb4 50. Rf2 f5+ 
51. Ke5 Rxa5+ 52. Kd4 Ra4 53. Rc2 Kb3+ 54. Kd3 f4 55. gxf4 Rxf4 56. Rc6 Ka4 
57. Rxg6 Rh4 58. Rg2 Kb4 59. Rb2+ Kc5 60. Ke3 1/2-1/2

[Event "Monday Night Engine Tour 13 Rd Swiss 3m+1s Starts at 2200hrs ST"]
[Site "Infinity Chess"]
[Date "2018.4.9"]
[Round "3"]
[White "SkyPilot"]
[Black "CoffeeOne"]
[Result "1/2-1/2"]
[ECO "C55"]
[WhiteElo "2524"]
[BlackElo "2512"]
[WhiteEngine "stockfish_x64_bmi2_2018_04_07_CTG"]
[BlackEngine "cfish-extra"]
[EventType "Swiss"]
[WhiteTeam ""]
[BlackTeam ""]
[PlyCount "91"]
[TimeControl "180+1"]

1. e4 e5 2. Nf3 Nc6 3. Bc4 Nf6 4. d3 Bc5 5. c3 d6 6. O-O O-O 7. h3 a5 8. Re1 h6 
9. Nbd2 Be6 10. a4 Bxc4 11. Nxc4 Re8 12. Be3 Bxe3 13. Nxe3 b6 14. Qb3 Ne7 
15. g3 Qc8 16. Kg2 Qb7 17. Qa2 Nd7 18. b4 axb4 19. cxb4 b5 20. Qc2 bxa4 
21. Rxa4 Reb8 22. Rxa8 Rxa8 23. b5 Ra3 24. Nc4 Ra8 25. Rb1 Qa7 26. Rb4 Qb7 
27. h4 Rb8 28. Rb2 Ra8 29. Ne3 Ra1 30. Qc4 Ra3 31. Rc2 Ra7 32. h5 Qa8 
33. Nh4 Qd8 34. Nf3 Nf6 35. d4 Nxe4 36. dxe5 Qa8 37. exd6 Nxd6 38. Qc5 Qb7 
39. Nc4 Nef5 40. b6 cxb6 41. Nxd6 bxc5 42. Nxb7 Rxb7 43. Rxc5 Nd6 44. Nd4 Ne4 
45. Re5 Nf6 46. f3 1/2-1/2

[Event "Monday Night Engine Tour 13 Rd Swiss 3m+1s Starts at 2200hrs ST"]
[Site "Infinity Chess"]
[Date "2018.4.9"]
[Round "3"]
[White "MGR"]
[Black "MCDermont"]
[Result "1/2-1/2"]
[ECO "C55"]
[WhiteElo "2529"]
[BlackElo "2531"]
[WhiteEngine "Raubfisch X38"]
[BlackEngine "BrainFish 090218"]
[EventType "Swiss"]
[WhiteTeam ""]
[BlackTeam ""]
[PlyCount "109"]
[TimeControl "180+1"]

1. e4 e5 2. Nf3 Nc6 3. Bc4 Nf6 4. d3 Bc5 5. O-O d6 6. c3 O-O 7. Re1 a5 8. Bb3 h6 
9. h3 Bb6 10. Nbd2 Be6 11. Ba4 Nd7 12. Nf1 f5 13. exf5 Bxf5 14. d4 exd4 
15. cxd4 Kh8 16. Ng3 Bh7 17. Be3 Nb4 18. a3 Nd5 19. Bd2 c6 20. Bb3 N7f6 
21. Bc2 Qd7 22. Bxh7 Nxh7 23. Qc2 Rxf3 24. gxf3 Bxd4 25. Qf5 Qc7 26. Qg6 Be5 
27. f4 Nf8 28. Qg4 Bxb2 29. Ra2 Bf6 30. Ne4 a4 31. Rc2 Rd8 32. Qf5 Rd7 
33. Nxf6 Nxf6 34. Re8 Rf7 35. Ra8 Kg8 36. Rc1 N6d7 37. Qc2 d5 38. Qxa4 c5 
39. Qb5 Qd6 40. Rc8 Qg6+ 41. Kh2 b6 42. Re1 Nf6 43. Rc6 N8d7 44. f3 Qc2 
45. Qe2 c4 46. Rc1 Qf5 47. Qe6 Qd3 48. Qe3 Qg6 49. Rg1 Ng4+ 50. Rxg4 Qxc6 
51. Qe8+ Rf8 52. Qe7 Rf7 53. Qe8+ Rf8 54. Qe7 Rf7 55. Qe8+ 1/2-1/2

[Event "Monday Night Engine Tour 13 Rd Swiss 3m+1s Starts at 2200hrs ST"]
[Site "Infinity Chess"]
[Date "2018.4.9"]
[Round "3"]
[White "Vimtiroba"]
[Black "THE_MACHINE"]
[Result "0-1"]
[ECO "E32"]
[WhiteElo "2542"]
[BlackElo "2575"]
[WhiteEngine "SF9 ''A6''_CTG"]
[BlackEngine "BrainFish_180408_x64_bmi2"]
[EventType "Swiss"]
[WhiteTeam ""]
[BlackTeam ""]
[PlyCount "160"]
[TimeControl "180+1"]

1. d4 Nf6 2. c4 e6 3. Nc3 Bb4 4. Qc2 O-O 5. e4 d5 6. e5 Ne4 7. Bd3 c5 
8. Nf3 cxd4 9. Nxd4 Nd7 10. Bf4 Qh4 11. g3 Qh5 12. cxd5 exd5 13. O-O Nxe5 
14. Bxe5 Qxe5 15. Nf3 Qh5 16. Nxd5 Nd2 17. Nxd2 Qxd5 18. Nc4 Qh5 19. a3 Be7 
20. Ne3 Be6 21. Bf5 Bxf5 22. Nxf5 Bf6 23. Rfe1 Rad8 24. Rad1 Rxd1 25. Rxd1 Qf3 
26. Rd7 h5 27. Ne3 Re8 28. Qd1 Qxd1+ 29. Nxd1 Rd8 30. Rxd8+ Bxd8 31. Kg2 Kf8 
32. Kf3 Ke7 33. Ke4 Kd6 34. f3 Bf6 35. b3 b5 36. g4 g6 37. h3 a5 38. b4 a4 
39. f4 Bg7 40. gxh5 gxh5 41. Ne3 Bb2 42. Nc2 f5+ 43. Kd3 Kd5 44. Ne3+ Ke6 
45. Nc2 Kd7 46. Kd2 Kc7 47. Kd3 Kb6 48. Ke3 Bc1+ 49. Kd4 Kc6 50. Kd3 Kd5 
51. h4 Bb2 52. Ne3+ Ke6 53. Nc2 Kd7 54. Ke3 Kc6 55. Nd4+ Kb6 56. Kd3 Bxa3 
57. Kc3 Bc1 58. Ne6 Be3 59. Kc2 Kc6 60. Kd3 Kd7 61. Ng5 Bxf4 62. Nf3 Bd6 
63. Kc3 Kc7 64. Kc2 Bxb4 65. Nd4 Kb6 66. Nxf5 Bc5 67. Kd3 b4 68. Kc2 Kb5 
69. Ng3 Kc4 70. Ne4 b3+ 71. Kb1 a3 72. Nxc5 Kxc5 73. Ka1 Kd5 74. Kb1 b2 
75. Kc2 Kd4 76. Kb1 Kc3 77. Ka2 Kc2 78. Kxa3 b1=Q 79. Ka4 Qb6 80. Ka3 Qb3# 0-1

[Event "Monday Night Engine Tour 13 Rd Swiss 3m+1s Starts at 2200hrs ST"]
[Site "Infinity Chess"]
[Date "2018.4.9"]
[Round "3"]
[White "Victorious"]
[Black "koalachess"]
[Result "1/2-1/2"]
[ECO "C11"]
[WhiteElo "2577"]
[BlackElo "2330"]
[WhiteEngine "Cfish_x64_060418_LTO_popcnt"]
[BlackEngine "stockfish_9_x64_popcnt_CTG"]
[EventType "Swiss"]
[WhiteTeam ""]
[BlackTeam ""]
[PlyCount "170"]
[TimeControl "180+1"]

1. e4 e6 2. d4 d5 3. Nc3 Nf6 4. e5 Nfd7 5. f4 c5 6. Nf3 Nc6 7. Be3 cxd4 
8. Nxd4 Qb6 9. Qd2 Qxb2 10. Rb1 Qa3 11. Bb5 Nxd4 12. Bxd4 a6 13. Rb3 Qe7 
14. Ba4 g6 15. O-O Bg7 16. Bxd7+ Qxd7 17. a4 Qc6 18. Rfb1 Rb8 19. a5 O-O 
20. f5 exf5 21. Rb6 Qc7 22. Nxd5 Qc4 23. Nf6+ Kh8 24. R6b4 Qc7 25. R4b3 Bxf6 
26. exf6 f4 27. Bb6 Qe5 28. Rc3 Be6 29. Bc7 Qxf6 30. Bxb8 Rxb8 31. Rd1 Kg7 
32. Qd4 h6 33. Rc7 g5 34. Qxf6+ Kxf6 35. g3 fxg3 36. hxg3 Kg6 37. c4 h5 
38. c5 Rc8 39. Rxc8 Bxc8 40. Kf2 f6 41. Rd2 Bf5 42. Rd4 Be6 43. Rd6 Bf5 
44. Ke3 Bh3 45. Kf3 Bg4+ 46. Kf2 Bf5 47. c6 bxc6 48. Rxc6 Bd3 49. Rb6 Bc4 
50. Ke3 Bf1 51. Kf3 Bc4 52. Ke4 Be2 53. Kd4 Kf5 54. Rb1 Bf3 55. Ke3 Bg2 
56. Rb6 Bf1 57. Rc6 Kg6 58. Rc5 Bg2 59. Rc4 Bd5 60. Rc5 Bb7 61. Kf2 Bh1 
62. Rc3 Bd5 63. Rc7 Kf5 64. Rd7 Be6 65. Rd6 Bc4 66. Rd4 Be6 67. Rd6 Bc4 
68. Rc6 Bd3 69. Ke3 Bf1 70. Rc5+ Kg6 71. Kf3 Bd3 72. Ke3 Bf1 73. Rc6 Kf7 
74. Rc2 Kg6 75. Rc5 Bg2 76. Kf2 Be4 77. Rc4 Bf5 78. Rc6 Bd3 79. Rc7 Be4 
80. Ra7 Bd3 81. Kf3 Bf1 82. Kf2 Bd3 83. Rc7 Bb5 84. Rb7 Bd3 85. Rb8 Bc4 1/2-1/2

[Event "Monday Night Engine Tour 13 Rd Swiss 3m+1s Starts at 2200hrs ST"]
[Site "Infinity Chess"]
[Date "2018.4.9"]
[Round "3"]
[White "MarioDeMonti"]
[Black "ocirema"]
[Result "0-1"]
[ECO "C55"]
[WhiteElo "2531"]
[BlackElo "2493"]
[WhiteEngine "stockfish_x64_bmi2_2018_02_18_CTG"]
[BlackEngine "asmFishW_2018-04-08_popcnt_CTG"]
[EventType "Swiss"]
[WhiteTeam ""]
[BlackTeam ""]
[PlyCount "179"]
[TimeControl "180+1"]

1. e4 e5 2. Nf3 Nc6 3. Bc4 Nf6 4. d3 Bc5 5. c3 d6 6. O-O O-O 7. Bg5 a6 8. b4 Ba7 
9. Nbd2 h6 10. Bh4 g5 11. Bg3 b5 12. Bb3 a5 13. bxa5 Nxa5 14. Bc2 c5 15. Rb1 Rb8 
16. Re1 b4 17. c4 Nc6 18. Ba4 Ne7 19. Nf1 Nh5 20. Ne3 Ng7 21. Ra1 Bb6 
22. Nd2 Ra8 23. a3 Ne6 24. Rf1 Kg7 25. Kh1 Nd4 26. f3 bxa3 27. Rxa3 Ba5 
28. Nc2 f5 29. Nxd4 exd4 30. exf5 Nxf5 31. Bf2 Bxd2 32. Qxd2 g4 33. Raa1 gxf3 
34. Bc6 Rxa1 35. Rxa1 fxg2+ 36. Bxg2 Qg5 37. Qa5 Kh8 38. Qe1 Bd7 39. Be4 Be8 
40. Ra8 Kg8 41. Qb1 Bg6 42. Rxf8+ Kxf8 43. Qb6 Kg7 44. Qc6 Qf6 45. Qd7+ Ne7 
46. Bxg6 Kxg6 47. Kg2 Nf5 48. Qe8+ Kg5 49. Qe4 Qe5 50. h4+ Kf6 51. Kf3 h5 
52. Qf4 Qe8 53. Qg5+ Ke6 54. Ke2 Ne7 55. Qg2 Nc6 56. Qg7 Ne7 57. Qg2 Qg6 
58. Qb7 Qg4+ 59. Ke1 Kf6 60. Qa8 Kf7 61. Qb7 Qf5 62. Ke2 Kf6 63. Qc7 Qe5+ 
64. Kd1 Ng6 65. Qd8+ Qe7 66. Qg8 Qe6 67. Qd8+ Kg7 68. Qg5 Qf6 69. Qg3 Kh7 
70. Be1 Ne5 71. Ke2 Qe6 72. Kd2 Qf7 73. Ke2 Qe6 74. Kd2 Qf7 75. Ke2 Qf5 
76. Bd2 Qe6 77. Kf2 Qg6 78. Qxg6+ Kxg6 79. Ke2 Nf7 80. Kf3 Kf5 81. Ba5 Ne5+ 
82. Ke2 Kg4 83. Bd2 Ng6 84. Kf1 Nxh4 85. Ba5 Nf5 86. Bc7 h4 87. Kf2 h3 
88. Kg1 Kf3 89. Kh2 Ke2 90. Kxh3 0-1

[Event "Monday Night Engine Tour 13 Rd Swiss 3m+1s Starts at 2200hrs ST"]
[Site "Infinity Chess"]
[Date "2018.4.9"]
[Round "2"]
[White "Coco69"]
[Black "OlivierEvan"]
[Result "1/2-1/2"]
[ECO "B06"]
[WhiteElo "2448"]
[BlackElo "2473"]
[WhiteEngine "asmFishW_2018-04-08_popcnt_CTG"]
[BlackEngine "Houdini 6"]
[EventType "Swiss"]
[WhiteTeam ""]
[BlackTeam ""]
[PlyCount "99"]
[TimeControl "180+1"]

1. e4 g6 2. d4 Bg7 3. Nf3 d6 4. h3 Nf6 5. Bd3 e5 6. c3 O-O 7. O-O d5 
8. Nxe5 Nxe4 9. Bf4 c5 10. Nd2 cxd4 11. cxd4 Nxd2 12. Qxd2 Qb6 13. Be3 Nc6 
14. Rac1 Be6 15. Be2 Rac8 16. Nxc6 Rxc6 17. Rc5 Rxc5 18. dxc5 Qxb2 19. Qxb2 Bxb2 
20. Rb1 Ba3 21. Rxb7 Rc8 22. c6 Rxc6 23. Rxa7 Bc5 24. Ra8+ Kg7 25. Bb5 Rc7 
26. Bf4 Rb7 27. a4 Bd7 28. Bxd7 Rxd7 29. Kf1 Kf6 30. a5 Kf5 31. g3 Ke4 
32. Ke2 Kd4 33. Be3+ Kc4 34. Bxc5 Kxc5 35. a6 Kb6 36. Kd3 Re7 37. Kd4 Re2 
38. f4 Rd2+ 39. Ke5 d4 40. Rd8 Rd3 41. g4 Kxa6 42. Rxd4 f6+ 43. Kd5 Rxh3 
44. Ke6 Rh4 45. f5 gxf5 46. Kxf5 Kb5 47. Kxf6 Kc5 48. Re4 h6 49. Kf5 Rh1 50. Ra4 
1/2-1/2

[Event "Monday Night Engine Tour 13 Rd Swiss 3m+1s Starts at 2200hrs ST"]
[Site "Infinity Chess"]
[Date "2018.4.9"]
[Round "2"]
[White "ocirema"]
[Black "star99"]
[Result "1-0"]
[ECO "C43"]
[WhiteElo "2477"]
[BlackElo "2484"]
[WhiteEngine "asmFishW_2018-04-08_popcnt_CTG"]
[BlackEngine "Cryptic Heroes 9.3B"]
[EventType "Swiss"]
[WhiteTeam ""]
[BlackTeam ""]
[PlyCount "155"]
[TimeControl "180+1"]

1. e4 e5 2. Nf3 Nf6 3. d4 Nxe4 4. Nxe5 d5 5. Nd2 Bd6 6. Nxe4 dxe4 7. Nc4 O-O 
8. Be2 f5 9. Nxd6 cxd6 10. Bf4 g5 11. Bd2 f4 12. d5 Bf5 13. Bc3 Nd7 14. Qd4 Qf6 
15. Qb4 Ne5 16. O-O-O Rfc8 17. Kb1 b5 18. Qd4 a6 19. h4 g4 20. Rhe1 Rc5 
21. g3 f3 22. Bf1 Rac8 23. Qe3 h5 24. Rd4 Bg6 25. Red1 Qf7 26. a4 Nd7 
27. Rb4 Nf6 28. Bxf6 Qxf6 29. Rd2 Rb8 30. c4 Qf7 31. cxb5 Rbc8 32. bxa6 Rc1+ 
33. Ka2 Rxf1 34. Rb7 Qe8 35. Rd4 Rfc1 36. a7 R1c7 37. a8=Q Rxa8 38. Rxc7 Rxa4+ 
39. Rxa4 Qxa4+ 40. Kb1 Qd1+ 41. Rc1 Qxd5 42. Rc8+ Kh7 43. Kc1 Bf7 44. Rc7 Kg7 
45. Qc3+ Kg6 46. Re7 Kh7 47. Ra7 Kg8 48. Ra5 Qe6 49. Kd2 d5 50. Qd4 Qd6 
51. b4 e3+ 52. fxe3 Kh7 53. Ra7 Kg6 54. Kd1 f2 55. Ke2 Qd8 56. b5 f1=Q+ 
57. Kxf1 Qc8 58. Qd3+ Kf6 59. Kg1 Qc1+ 60. Qf1+ Qxf1+ 61. Kxf1 Be6 62. b6 Bc8 
63. b7 Bxb7 64. Rxb7 Ke5 65. Rh7 Kf5 66. Rxh5+ Ke6 67. Kf2 Kf6 68. Rxd5 Ke6 
69. e4 Kf7 70. h5 Kf6 71. Rf5+ Ke6 72. h6 Ke7 73. h7 Kd6 74. h8=Q Ke6 
75. Qe8+ Kd6 76. Qg6+ Ke7 77. Rf7+ Ke8 78. Qg8# 1-0

[Event "Monday Night Engine Tour 13 Rd Swiss 3m+1s Starts at 2200hrs ST"]
[Site "Infinity Chess"]
[Date "2018.4.9"]
[Round "2"]
[White "Thinker"]
[Black "Deep_Impact"]
[Result "1/2-1/2 "]
[ECO "C55"]
[WhiteElo "2509"]
[BlackElo "2518"]
[WhiteEngine "BrainFish_180404_x64_modern_CTG"]
[BlackEngine "asmFishW_2018-04-07_bmi2"]
[EventType "Swiss"]
[WhiteTeam ""]
[BlackTeam ""]
[PlyCount "196"]
[TimeControl "180+1"]

1. e4 e5 2. Nf3 Nc6 3. Bc4 Nf6 4. d3 Bc5 5. c3 a5 6. O-O d6 7. Re1 Ba7 8. a4 O-O 
9. h3 h6 10. Nbd2 Be6 11. Bxe6 fxe6 12. Nf1 d5 13. Qc2 Qe8 14. Qb3 Nd7 
15. N1h2 Nc5 16. Qb5 Qf7 17. Be3 d4 18. Bd2 Bb6 19. Red1 Rad8 20. Qc4 dxc3 
21. Bxc3 Rd6 22. Rd2 Qf4 23. Rad1 Nd7 24. Re2 Bc5 25. Ng4 b6 26. Rf1 Kh7 
27. b3 Kg8 28. Bb2 Kh8 29. Ree1 h5 30. Ngh2 Qf6 31. h4 Qd8 32. Rd1 Bd4 
33. Ba3 Bc5 34. Bc1 Kg8 35. Bd2 Bb4 36. Be3 Nc5 37. Ng5 Qd7 38. Nhf3 Rd8 
39. Bxc5 Bxc5 40. g3 Rf8 41. Kg2 Qe8 42. Ne1 Qd7 43. Nc2 Rd8 44. Kh3 Bd4 
45. Kh2 Bc5 46. Kg2 Re8 47. Nf3 Rf8 48. Ne3 g6 49. Nc2 Kg7 50. Nce1 Bb4 
51. Rc1 Kg8 52. Nc2 Bc5 53. Rcd1 Rf6 54. Ng5 Nd4 55. b4 axb4 56. Nxb4 Rf8 
57. a5 Bxb4 58. Qxb4 Nc6 59. Qb5 bxa5 60. Rc1 Nd4 61. Qxe5 Nb3 62. Rc3 a4 
63. f4 Nd4 64. Rf2 Rb8 65. Rc4 Rbb6 66. Qa5 Ra6 67. Qb4 a3 68. Ra2 Rdb6 
69. Qc3 Nb5 70. Qf6 Qe8 71. Qa1 Qe7 72. Nf3 Rc6 73. Ne5 Rxc4 74. dxc4 Nd6 
75. Rxa3 Rxa3 76. Qxa3 Qd8 77. Qa6 Qb8 78. c5 Qb2+ 79. Kf3 Qc3+ 80. Nd3 Nc4 
81. Qxe6+ Kh7 82. Qe7+ Kh6 83. Qf8+ Kh7 84. Qe7+ Kh6 85. Qd8 Nb2 86. Ke2 Nxd3 
87. Qxd3 Qxc5 88. e5 Qc6 89. Ke3 Qb6+ 90. Qd4 Qb3+ 91. Qd3 Qb4 92. Qa6 c5 
93. Qe2 Qd4+ 94. Kf3 c4 95. e6 Qd5+ 96. Kf2 Qc5+ 97. Ke1 Qb4+ 98. Kf1 c3 1/2-1/2

[Event "Monday Night Engine Tour 13 Rd Swiss 3m+1s Starts at 2200hrs ST"]
[Site "Infinity Chess"]
[Date "2018.4.9"]
[Round "2"]
[White "RonWeasley"]
[Black "CoffeeOne"]
[Result "1/2-1/2"]
[ECO "D30"]
[WhiteElo "2519"]
[BlackElo "2512"]
[WhiteEngine "BrainFish 090218_CTG"]
[BlackEngine "cfish-extra"]
[EventType "Swiss"]
[WhiteTeam ""]
[BlackTeam ""]
[PlyCount "78"]
[TimeControl "180+1"]

1. d4 d5 2. c4 e6 3. Nf3 Nf6 4. Nc3 dxc4 5. e4 Bb4 6. Bg5 c5 7. Bxc4 cxd4 
8. Nxd4 Bxc3+ 9. bxc3 Qa5 10. Bxf6 Qxc3+ 11. Kf1 gxf6 12. Rc1 Qa5 13. g3 Bd7 
14. Kg2 O-O 15. Re1 Nc6 16. Nb3 Qd8 17. Nc5 Bc8 18. Nd3 b6 19. Qh5 Bb7 
20. Nf4 Ne5 21. Rcd1 Qc8 22. Bb3 Qc5 23. Qh4 Ng6 24. Nxg6 hxg6 25. Bxe6 Rae8 
26. Bd5 Bxd5 27. Rxd5 Qc6 28. Red1 Kg7 29. Qg4 Qc2 30. R1d4 Qxa2 31. h4 Re7 
32. h5 Rh8 33. hxg6 fxg6 34. Rd7 Rh2+ 35. Kxh2 Qxf2+ 36. Kh3 Qf1+ 37. Kh2 Qf2+ 
38. Kh3 Qf1+ 39. Kh2 Qf2+ 1/2-1/2

[Event "Monday Night Engine Tour 13 Rd Swiss 3m+1s Starts at 2200hrs ST"]
[Site "Infinity Chess"]
[Date "2018.4.9"]
[Round "2"]
[White "MGR"]
[Black "SkyPilot"]
[Result "1/2-1/2"]
[ECO "C50"]
[WhiteElo "2529"]
[BlackElo "2524"]
[WhiteEngine "Raubfisch X38"]
[BlackEngine "stockfish_x64_bmi2_2018_04_07_CTG"]
[EventType "Swiss"]
[WhiteTeam ""]
[BlackTeam ""]
[PlyCount "143"]
[TimeControl "180+1"]

1. e4 e5 2. Nf3 Nc6 3. Bc4 Bc5 4. O-O Nf6 5. d3 d6 6. c3 O-O 7. Re1 Bb6 8. h3 h6 
9. Nbd2 a5 10. Bb3 Be6 11. Ba4 Ne7 12. Bc2 Re8 13. d4 exd4 14. cxd4 Qd7 
15. Nf1 d5 16. e5 Ne4 17. Qe2 a4 18. a3 c6 19. Qd1 Ng6 20. Be3 Bc7 21. Ng3 Nxg3 
22. fxg3 Bf5 23. Bxf5 Qxf5 24. g4 Qd7 25. Rc1 Nf8 26. Qd3 Bd8 27. g5 hxg5 
28. Bxg5 Ne6 29. Bxd8 Qxd8 30. Rc2 Qe7 31. Qf5 Rec8 32. Rec1 Rc7 33. Qg4 Rd8 
34. Kh1 Rdc8 35. Kg1 Rd8 36. Kh1 Rdc8 37. Rc3 g6 38. Rf1 Kg7 39. Rd3 Rd8 
40. Qg3 Rh8 41. Qe1 Rh5 42. Qd1 Rf5 43. Qxa4 c5 44. Re1 b5 45. Qxb5 Rxf3 
46. Rxf3 Nxd4 47. Qf1 Nxf3 48. Qxf3 d4 49. Qf4 d3 50. a4 Rd7 51. a5 Qe6 
52. Rf1 c4 53. Kh2 Rb7 54. Qd4 Re7 55. Ra1 Rd7 56. Qf4 Qa6 57. Rf1 Kh7 
58. Qh4+ Kg8 59. Qf6 Qxf6 60. exf6 Rb7 61. Rb1 Rb5 62. a6 Ra5 63. Rc1 Rxa6 
64. Rxc4 Rxf6 65. Rd4 Rf2 66. Kg3 Rd2 67. b4 Kg7 68. Kf3 Rb2 69. Rxd3 Rxb4 
70. g4 Rc4 71. Kg2 g5 72. Kf3 1/2-1/2

[Event "Monday Night Engine Tour 13 Rd Swiss 3m+1s Starts at 2200hrs ST"]
[Site "Infinity Chess"]
[Date "2018.4.9"]
[Round "2"]
[White "MCDermont"]
[Black "Vimtiroba"]
[Result "1/2-1/2"]
[ECO "C50"]
[WhiteElo "2530"]
[BlackElo "2543"]
[WhiteEngine "BrainFish 090218"]
[BlackEngine "SF9 ''A6''_CTG"]
[EventType "Swiss"]
[WhiteTeam ""]
[BlackTeam ""]
[PlyCount "170"]
[TimeControl "180+1"]

1. e4 e5 2. Nf3 Nc6 3. Bc4 Bc5 4. O-O d6 5. c3 Nf6 6. b4 Bb6 7. a4 a5 8. b5 Ne7 
9. Re1 O-O 10. d4 exd4 11. cxd4 d5 12. exd5 Nexd5 13. h3 Be6 14. Bg5 h6 
15. Bh4 Nf4 16. Na3 Re8 17. Qc2 N4d5 18. Bf1 Rc8 19. Nc4 c6 20. bxc6 bxc6 
21. Nxb6 Qxb6 22. Rac1 Ra8 23. Bd3 Nb4 24. Qb1 Ba2 25. Qb2 Qb8 26. Rxe8+ Nxe8 
27. Be4 Bd5 28. Bxd5 cxd5 29. Bg3 Qb6 30. Rc5 Qe6 31. Kh2 Nd6 32. Ne5 Nf5 
33. Qb1 f6 34. Nf3 Qd7 35. Rc7 Qe6 36. Rc5 Qd7 37. Kg1 Ne7 38. Qb3 Nbc6 
39. Bf4 Kf7 40. Bc1 Qe6 41. Bd2 Rb8 42. Qc2 Nb4 43. Qd1 Qa6 44. Nh4 Qd3 
45. Qh5+ Kg8 46. Nf3 Qe4 47. Rb5 Ra8 48. Rb7 Nbc6 49. Be3 Kf8 50. Nd2 Qd3 
51. Nb3 Qb1+ 52. Kh2 Rb8 53. Rxb8+ Nxb8 54. Nc5 Qf5 55. Qd1 Nbc6 56. g3 Nb4 
57. g4 Qc8 58. Bf4 Kf7 59. Qe2 Nbc6 60. Qe3 g5 61. Bd6 f5 62. Qe2 Ng6 
63. Qf3 Nge7 64. Qe2 Ng6 65. Qf3 Nge7 66. Qd3 Qd8 67. Bg3 Qh8 68. Bc7 Qc8 
69. Bd6 Qd8 70. Bxe7 Nxe7 71. Qa6 Qb8+ 72. Kg1 fxg4 73. Qxh6 Qb1+ 74. Kh2 Qf5 
75. hxg4 Qxf2+ 76. Kh3 Qf1+ 77. Kh2 Qe2+ 78. Kg3 Qe1+ 79. Kg2 Qe2+ 80. Kh3 Ng6 
81. Qh7+ Kf6 82. Nd7+ Ke6 83. Nc5+ Kf6 84. Nd7+ Ke6 85. Nc5+ Kf6 1/2-1/2

[Event "Monday Night Engine Tour 13 Rd Swiss 3m+1s Starts at 2200hrs ST"]
[Site "Infinity Chess"]
[Date "2018.4.9"]
[Round "2"]
[White "THE_MACHINE"]
[Black "Victorious"]
[Result "1/2-1/2"]
[ECO "C50"]
[WhiteElo "2575"]
[BlackElo "2577"]
[WhiteEngine "BrainFish_180408_x64_bmi2"]
[BlackEngine "Cfish_x64_060418_LTO_popcnt"]
[EventType "Swiss"]
[WhiteTeam ""]
[BlackTeam ""]
[PlyCount "117"]
[TimeControl "180+1"]

1. e4 e5 2. Nf3 Nc6 3. Bc4 Bc5 4. O-O Nf6 5. d3 d6 6. c3 a5 7. Nbd2 O-O 
8. Re1 h6 9. Nf1 Be6 10. Bb5 Ne7 11. d4 exd4 12. cxd4 Bb6 13. Ng3 d5 14. e5 Ne4 
15. Nxe4 dxe4 16. Rxe4 c5 17. b3 cxd4 18. Ba3 Qd5 19. Qd3 Bf5 20. Rae1 Bc5 
21. Bc4 Bxe4 22. Rxe4 Qc6 23. Bxc5 Qxc5 24. e6 f5 25. Rxd4 a4 26. h4 b5 
27. Bxb5 axb3 28. Qxb3 Ra3 29. Qc4 Rc8 30. Qxc5 Rxc5 31. Rd8+ Kh7 32. Nd4 Kg6 
33. Rf8 Rxa2 34. Be8+ Kh7 35. Rf7 Rc4 36. Nf3 Nd5 37. Rxf5 Nc7 38. Bf7 Re2 
39. Ne5 Re1+ 40. Kh2 Rxh4+ 41. Kg3 g5 42. Bg6+ Kg8 43. Rf7 Rxe5 44. Rxc7 Kf8 
45. Rf7+ Kg8 46. Rd7 Kf8 47. Rf7+ Kg8 48. Bh7+ Kh8 49. Bf5 Ra4 50. Rf8+ Kg7 
51. Rf7+ Kh8 52. f3 Kg8 53. Bh7+ Kh8 54. e7 Rf4 55. Bf5 Rfxf5 56. Rxf5 Rxe7 
57. f4 gxf4+ 58. Rxf4 Re5 59. Kf3 1/2-1/2

[Event "Monday Night Engine Tour 13 Rd Swiss 3m+1s Starts at 2200hrs ST"]
[Site "Infinity Chess"]
[Date "2018.4.9"]
[Round "2"]
[White "koalachess"]
[Black "MarioDeMonti"]
[Result "1/2-1/2 "]
[ECO "C58"]
[WhiteElo "2321"]
[BlackElo "2540"]
[WhiteEngine "stockfish_9_x64_popcnt_CTG"]
[BlackEngine "stockfish_x64_bmi2_2018_02_18_CTG"]
[EventType "Swiss"]
[WhiteTeam ""]
[BlackTeam ""]
[PlyCount "245"]
[TimeControl "180+1"]

1. e4 e5 2. Nf3 Nc6 3. Bc4 Nf6 4. Ng5 d5 5. exd5 Na5 6. Bb5+ c6 7. dxc6 bxc6 
8. Qf3 Rb8 9. Be2 Be7 10. Ne4 O-O 11. Nxf6+ Bxf6 12. Nc3 c5 13. O-O Bb7 
14. Qd3 Qxd3 15. Bxd3 Nc6 16. Na4 Be7 17. b3 Nb4 18. Bb2 e4 19. Rfe1 exd3 
20. Rxe7 dxc2 21. Nxc5 Bd5 22. Rxa7 Rfc8 23. Ra5 f6 24. f3 Nxa2 25. R1xa2 Bxb3 
26. Ra1 Bc4 27. Bc1 Rb1 28. Ne4 Rcb8 29. Kf2 Rxa1 30. Rxa1 Rb1 31. Ra8+ Kf7 
32. Rc8 Bd3 33. Rc7+ Kg8 34. Rc8+ Kf7 35. Rc7+ Kg8 36. Nc5 Bc4 37. Ba3 Ra1 
38. Bb2 Rb1 39. Nb7 Bd3 40. Nc5 Bc4 41. Ba3 Ra1 42. Ne4 Bd3 43. Bb2 Rb1 
44. Rc8+ Kf7 45. Rc7+ Kg8 46. Rc8+ Kf7 47. Nc5 Bc4 48. Ba3 Ra1 49. Nb7 Bd3 
50. Rc7+ Kg8 51. Bb2 Rb1 52. Rc8+ Kf7 53. Nc5 Bc4 54. Na6 Bxa6 55. Rxc2 h5 
56. h4 Kg6 57. Bc3 Bd3 58. Ra2 Rb6 59. Ke3 Bf1 60. Ra1 Re6+ 61. Kf2 Bc4 
62. Rb1 Rc6 63. Kg3 Ra6 64. Rb4 Bd5 65. Bd4 Ra2 66. Be3 Ra5 67. Bd4 Ra6 
68. Rb5 Bc4 69. Rc5 Ra4 70. Be3 Bf1 71. Rc1 Bb5 72. Rc5 Bf1 73. Rc6 Bc4 
74. Bf4 Bd3 75. Be3 Bc4 76. Rc8 Be2 77. Rc7 Bd3 78. Rc8 Kf5 79. Rc5+ Kg6 
80. Rc7 Ra2 81. Rc6 Ra3 82. Rd6 Be2 83. Rd7 Ra4 84. Rc7 Bd3 85. Bf4 Bf1 
86. Rc1 Bc4 87. Rc2 Bb3 88. Rc6 Bf7 89. Rc5 Bc4 90. Rc7 Bd3 91. Rc5 Ra2 
92. Rc8 Ra6 93. Rc5 Ra4 94. Rc6 Kh7 95. Rb6 Kg6 96. Be3 Bf1 97. Bc5 Kh7 
98. Rd6 Kg6 99. Rb6 Be2 100. Be3 Bf1 101. Kh3 Bc4 102. Bc5 Ra6 103. Rxa6 Bxa6 
104. g4 hxg4+ 105. fxg4 Kf7 106. Be3 g5 107. hxg5 fxg5 108. Bxg5 Bf1+ 
109. Kg3 Bd3 110. Kf4 Ke6 111. Bd8 Bc2 112. Ba5 Kf6 113. Bc7 Ke6 114. Bb6 Kf6 
115. Bd4+ Ke6 116. Bh8 Bd3 117. Ba1 Bc2 118. Kf3 Bb1 119. Kg3 Bg6 120. Kf2 Bd3 
121. Kg3 Bb1 122. Kf2 Ba2 123. Ke3 1/2-1/2